 Dungeon Crawl Stone Soup version 0.30-a0-528-g8c47a4955b (webtiles) character file.

Game seed: 15822972147106993062

30 NinjaNoafa the Shield-Bearer (level 3, -2/31 HPs)
             Began as a Gnoll Wanderer on Dec 24, 2022.
             Slain by Natasha (4 damage)
             ... on level 2 of the Dungeon.
             The game lasted 00:03:46 (1131 turns).

NinjaNoafa the Shield-Bearer (Gnoll Wanderer)       Turns: 1131, Time: 00:03:47

Health: -2/31      AC:  2    Str:  8    XL:     3   Next: 20%
Magic:  7/7        EV: 26    Int: 14    God:
Gold:   40         SH:  7    Dex: 13    Spells: 7/7 levels left

rFire   . . .      SeeInvis .    a - +0 dagger
rCold   . . .      Faith    .    c - +2 buckler
rNeg    . . .      Spirit   .    e - +0 robe
rPois   .          Reflect  .    (no helmet)
rElec   .          Harm     .    (no cloak)
rCorr   .          Rampage  .    (no gloves)
Will    .....                    (no boots)
Stlth   +                        i - amulet of the acrobat
HPRegen 0.25/turn                (no ring)
MPRegen 0.10/turn                (no ring)

@: acrobatic, slowed, very slow
A: fangs 1, strong nose, distributed training
a: no special abilities


You were on level 2 of the Dungeon.
You visited 1 branch of the dungeon, and saw 2 of its levels.

You collected 40 gold pieces.

Inventory:

Hand Weapons
 a - a +0 dagger (weapon)
Missiles
 b - 11 poisoned darts (quivered)
 j - 22 stones
Armour
 c - a +2 buckler (worn)
 e - a +0 robe (worn)
Jewellery
 i - an amulet of the acrobat (around neck)
Scrolls
 f - a scroll of vulnerability {unknown}
 h - 3 scrolls of identify {unknown}
 k - a scroll of noise {unknown}
Potions
 d - a potion of mutation


   Skills:
 + Level 4.5 Fighting
 + Level 0.7 Short Blades
 + Level 0.7 Long Blades
 + Level 0.7 Axes
 + Level 0.7 Maces & Flails
 + Level 0.7 Polearms
 + Level 0.7 Staves
 + Level 0.7 Ranged Weapons
 + Level 2.6 Throwing
 + Level 2.6 Armour
 + Level 0.7 Dodging
 + Level 0.7 Stealth
 + Level 6.5 Shields
 + Level 0.7 Unarmed Combat
 + Level 2.8 Spellcasting
 + Level 0.5 Conjurations
 + Level 0.5 Hexes
 + Level 0.5 Summonings
 + Level 3.7 Necromancy
 + Level 0.5 Translocations
 + Level 0.5 Transmutations
 + Level 0.5 Fire Magic
 + Level 0.5 Ice Magic
 + Level 0.5 Air Magic
 + Level 0.5 Earth Magic
 + Level 0.5 Poison Magic
 + Level 0.9 Invocations
 + Level 0.7 Evocations


You had 7 spell levels left.
You didn't know any spells.
Your spell library contained the following spells:

 Spells                   Type           Power      Damage    Failure   Level
 Sublimation of Blood     Necr           12%        N/A       9%          2
 Freeze                   Ice            12%        1d3       22%         1
 Magic Dart               Conj           12%        1d3       22%         1
 Cigotuvi's Dreadful Rot  Necr/Pois/Air  12%        N/A       22%         2
 Call Imp                 Summ           3%         N/A       34%         2
 Frozen Ramparts          Ice            6%         1d1       56%         3
 Hailstorm                Conj/Ice       3%         3d3       56%         3
 Mephitic Cloud           Conj/Pois/Air  3%         N/A       56%         3
 Summon Guardian Golem    Hex/Summ       3%         N/A       56%         3
 Orb of Destruction       Conj           1%         9d5       100%        7
 Spellforged Servitor     Conj/Summ      1%         N/A       100%        7


Dungeon Overview and Level Annotations

Branches:
Dungeon (2/15)

Altars:

Annotations:
D:2 Natasha


Innate Abilities, Weirdness & Mutations

You have very sharp teeth.
Your uncanny sense of smell can sniff out nearby items.
Your experience applies equally to all skills.


Message History

You block Natasha's attack.
Throw: 3 javelins
Press: ? - help, Q - select action, (/) - cycle Shift-Dir - straight line, f - Natasha
Aim: Natasha (lightly wounded, 53% to hit)
You throw a javelin. The javelin pierces through Natasha.
Natasha is moderately wounded.
Natasha claws you! Natasha claws you but does no damage.
You block Natasha's attack.
Throw: 2 javelins
Press: ? - help, Q - select action, (/) - cycle Shift-Dir - straight line, f/p - Natasha
Aim: Natasha (moderately wounded, 53% to hit)
You throw a javelin. The javelin pierces through Natasha.
Natasha is severely wounded.
Natasha misses you. The worm closely misses you. Natasha misses you.
Natasha stares at you and mumbles some strange words.
The magic dart hits you!
* * * LOW HITPOINT WARNING * * *
Okay, then.
Natasha growls.
Natasha stares at you and mumbles some strange words.
You feel as though you will be slow longer.
Throw: javelin
Press: ? - help, Q - select action, (/) - cycle Shift-Dir - straight line, f/p - Natasha
Aim: Natasha (severely wounded, 53% to hit)
You throw a javelin. The javelin closely misses Natasha.
The javelin pierces through the worm.
The worm is lightly wounded.
Natasha claws you.
* * * LOW HITPOINT WARNING * * *
You block Natasha's attack.
Throw: 12 darts (poison)
Press: ? - help, Q - select action, (/) - cycle Shift-Dir - straight line, f/p - Natasha
Aim: Natasha (severely wounded, 53% to hit)
You throw a poisoned dart. The poisoned dart hits Natasha!
Natasha is poisoned.
Natasha is severely wounded.
Natasha casts a spell at you. You resist with significant effort.
Natasha attacks as you move away! You block Natasha's attack.
Natasha claws you.
You die...

∆ #.# ##..# # .#.# #.
#..# #. ###..#
########. #.##.#..#
#........##
##.......###w#.###>..#
+.....†...@h(.....(...
####....####.#.#.....
####....# #.#.# ..#
.......##.# #.#.# #
#####..##.# #.#..
#.....# #..(. #...#.#
###### ∆ #...#.#
#...#.#


You could see a worm and Natasha (very poisoned).

Vanquished Creatures
  A worm (D:2)
  A dart slug (D:1)
  An endoplasm (D:1)
  A giant cockroach (D:1)
  6 goblins
  4 jackals (D:1)
  A ball python (D:1)
  2 bats (D:1)
  A frilled lizard (D:1)
  4 kobolds (D:1)
  3 rats
25 creatures vanquished.

Notes
Turn   | Place    | Note
-------+----------+-------------------------------------------
     0 | D:1      | NinjaNoafa the Gnoll Wanderer began the quest for the Orb.
     0 | D:1      | NinjaNoafa set off with the following items: a +0 dagger,
                  | 12 poisoned darts, a +2 buckler, a potion of mutation, a +0
                  | robe; and the following spells available to memorise:
                  | Sublimation of Blood, Cigotuvi's Dreadful Rot.
     0 | D:1      | Reached XP level 1. HP: 20/20 MP: 4/4
   223 | D:1      | Reached XP level 2. HP: 14/26 MP: 5/5
   647 | D:1      | Reached XP level 3. HP: 16/31 MP: 7/7
   957 | D:2      | Found a faded altar of an unknown god.
  1117 | D:2      | Noticed Natasha
  1131 | D:2      | Slain by Natasha

Illustrated notes

Levels and vault maps discovered:
D:1:      ebering_trefoil_twist, layout_loops_ring
D:2:      layout_loops_corners, nicolae_ecumenical_pavilion, serial_shops,
          shop_statue, uniq_natasha

Action                   || total
-------------------------++-------
Melee: Dagger            ||   140
       Bite              ||    12
Throw: Javelin           ||     9
       Dart              ||     1
 Stab: Sleeping          ||     1
Armor: Robe              ||    18
Dodge: Dodged            ||    65
Block: Buckler           ||    40

Table legend: (Time is in decaauts)
 A = Elapsed time spent in this place.
 B = Non-inter-level travel time spent in this place.
 C = Inter-level travel time spent in this place.
 D = Time resting spent in this place.
 E = Time spent auto-exploring this place.
 F = Levels seen in this place.
 G = Mean time per level.
                   A        B        C        D        E       F      G
               +--------+--------+--------+--------+--------+-----+--------+
         Total |   1144 |   1142 |      2 |      0 |    836 |   2 |  572.0 |
       Dungeon |   1144 |   1142 |      2 |      0 |    836 |   2 |  572.0 |
               +--------+--------+--------+--------+--------+-----+--------+

Top non-repeatable levels by time:
     D:1: 962 daAuts
     D:2: 182 daAuts
